[Event "Team 45 45 League T50"]
[Site "Internet Chess Club"]
[Date "2011.09.02"]
[Round "4"]
[White "ryan2chess"]
[Black "TerryMalloy"]
[Result "1-0"]
[WhiteElo "1865"]
[BlackElo "2012"]
[Opening "Sicilian: Najdorf, Opocensky variation"]
[ECO "B92"]
[Time "16:07:56"]
[TimeControl "2700+45"]

1. e4 c5 2. Nf3 d6 3. d4 cxd4 4. Nxd4 Nf6 5. Nc3 a6 6. Be2 e5 7. Nb3 Be7 8. Be3
Be6 9. f3 O-O 10. O-O d5 11. exd5 Nxd5 12. Nxd5 Qxd5 13. Qxd5 Bxd5 14. Rad1 Bc6
15. Na5 Rd8 16. Bb6 Re8 17. Bc7 Bb4 18. a3 Bxa5 19. Bxa5 Nd7 20. Rd6 Nf8 21. Bc4
Ne6 22. Bxe6 Rxe6 23. Rxe6 fxe6 24. Re1 Rc8 25. Rxe5 Bd5 26. Bc3 Kf7 27. Kf2 Rd8
28. Ke3 Bc6 29. Bd4 Rd5 30. Rxd5 exd5 31. Kf4 g6 32. Ke5 Ke7 33. Bc5+ Kf7 34.
Bd4 Ke7 35. f4 Kf7 36. g4 Ke7 37. f5 gxf5 38. gxf5 Kf7 39. Kd6 h5 40. b3 h4 41.
h3 Bb5 42. Kxd5 Bf1 43. Bf2 Bxh3 44. Ke5 Bf1 45. Bxh4 Be2 46. c4 Bd1 47. b4 Bb3
48. c5 Bc2 49. Bf2 Bd3 50. Bd4 Bb5 51. Kd6 Bc6 52. Kc7 Be4 53. f6 Bd5 54. Kb6
Ke8 55. a4 Kd7 56. b5 axb5 57. axb5 Kc8 58. c6 bxc6 59. bxc6 Be6 60. Kc5 Kc7 61.
Be5+ Kc8 62. Kd6 Bg8 63. Ke7 Bd5 64. c7 {Black resigns} 1-0

[Event "Team 45 45 League T50"]
[Site "Internet Chess Club"]
[Date "2011.09.06"]
[Round "4"]
[White "SirIvanhoe"]
[Black "juniorVishy"]
[Result "0-1"]
[WhiteElo "1516"]
[BlackElo "1658"]
[Opening "Sicilian: closed"]
[ECO "B23"]
[Time "20:30:10"]
[TimeControl "2700+45"]

1. e4 c5 2. Nc3 g6 3. g3 a6 4. Bg2 Bg7 5. d3 Nc6 6. Be3 d6 7. Qd2 Qc7 8. Nge2 e6
9. O-O Nge7 10. Bh6 O-O 11. h4 Bd7 12. h5 Rac8 13. Bxg7 Kxg7 14. h6+ Kh8 15. g4
f6 16. f4 e5 17. g5 exf4 18. Qxf4 fxg5 19. Qxg5 Ng8 20. Rxf8 Rxf8 21. Nd5 Qd8
22. Qd2 Qe8 23. Rf1 Rxf1+ 24. Bxf1 Qf8 25. Qc3+ Ne5 26. d4 cxd4 27. Nxd4 Qxh6
28. Nf3 Qg7 29. b3 Ne7 30. Nb6 Bc6 31. Nxe5 Qxe5 32. Qxe5+ dxe5 33. Bg2 g5 34.
Nc4 Ng6 35. Kf2 Kg7 36. Kg3 Kf6 37. Nd6 Nf4 38. Bh1 h5 39. Bf3 h4+ 40. Kf2 b5
41. c4 bxc4 42. Nxc4 Nd3+ 43. Ke3 Nc1 44. Na5 Bd7 45. a3 Be6 46. b4 Nb3 47. Nxb3
Bxb3 48. Bg4 Be6 49. Kf3 Bxg4+ 50. Kxg4 Ke6 51. a4 Kd6 52. b5 axb5 53. axb5 Kc5
54. b6 Kxb6 55. Kh3 Kc5 56. Kg4 Kd4 57. Kf3 h3 58. Kg3 g4 {White resigns} 0-1

[Event "Team 45 45 League T50"]
[Site "Internet Chess Club"]
[Date "2011.09.06"]
[Round "4"]
[White "vael"]
[Black "achessman"]
[Result "0-1"]
[WhiteElo "1737"]
[BlackElo "1945"]
[Opening "Inverted Hanham"]
[ECO "C42"]
[Time "21:01:05"]
[TimeControl "2700+45"]

1. e4 e5 2. Nf3 Nf6 3. d3 d5 4. Be2 Nc6 5. Nbd2 Bc5 6. O-O O-O 7. c3 dxe4 8.
dxe4 a5 9. b3 Qe7 10. Qc2 Bg4 11. Bb2 Nh5 12. Rfe1 f5 13. exf5 Bxf5 14. Bd3 Bxd3
15. Qxd3 Rae8 16. Nc4 Kh8 17. Ncxe5 Bxf2+ 18. Kxf2 Nxe5 19. Qd5 Nf4 {White
forfeits on time} 0-1

[Event "Team 45 45 League T50"]
[Site "Internet Chess Club"]
[Date "2011.09.03"]
[Round "4"]
[White "BigH"]
[Black "bshribharath"]
[Result "1-0"]
[WhiteElo "1905"]
[BlackElo "1646"]
[Opening "English, 1...Nf6 (Anglo-Indian defense)"]
[ECO "A15"]
[Time "13:01:25"]
[TimeControl "2700+45"]

1. c4 Nf6 2. g3 e6 3. Nf3 c5 4. Bg2 Be7 5. O-O Nc6 6. b3 O-O 7. Bb2 a6 8. a4 Rb8
9. Nc3 Qc7 10. e4 Nd4 11. Nxd4 cxd4 12. Ne2 e5 13. Rc1 Bb4 14. f4 d6 15. f5 b6
16. h3 Bd7 17. g4 Bc6 18. Ng3 Qb7 19. d3 Nd7 20. g5 g6 21. h4 Rfc8 22. h5 Nc5
23. hxg6 hxg6 24. Qg4 Qd7 25. Qh4 Nxd3 26. Qh6 Qd8 27. fxg6 fxg6 28. Qxg6+ Kh8
29. Rf7 {Black resigns} 1-0

[Event "Team 45 45 League T50"]
[Site "Internet Chess Club"]
[Date "2011.09.04"]
[Round "4"]
[White "FlyingTiger"]
[Black "Nakke"]
[Result "0-1"]
[WhiteElo "1854"]
[BlackElo "1816"]
[Opening "Caro-Kann: advance variation"]
[ECO "B12"]
[Time "12:03:27"]
[TimeControl "2700+45"]

1. e4 c6 2. d4 d5 3. e5 Bf5 4. Nf3 e6 5. Be2 Nd7 6. O-O Ne7 7. Nh4 h6 8. Nxf5
Nxf5 9. c3 c5 10. Bd3 g6 11. Bxf5 gxf5 12. Qh5 cxd4 13. cxd4 Rc8 14. b3 Nb8 15.
Ba3 Bxa3 16. Nxa3 Qa5 17. Rac1 Rxc1 18. Rxc1 Qxa3 19. Rc8+ Kd7 20. Qxf7+ Kxc8
21. Qxe6+ Nd7 22. h3 Qc1+ 23. Kh2 Qf4+ 24. Kg1 Qxd4 {White resigns} 0-1

[Event "Team 45 45 League T50"]
[Site "Internet Chess Club"]
[Date "2011.09.05"]
[Round "4"]
[White "ScotchYeti"]
[Black "MasterOfTheKeys"]
[Result "1/2-1/2"]
[WhiteElo "1607"]
[BlackElo "1594"]
[Opening "French: Two knights variation"]
[ECO "C00"]
[Time "16:02:09"]
[TimeControl "2700+45"]

1. e4 e6 2. Nf3 d5 3. Nc3 c5 4. exd5 exd5 5. d4 c4 6. Be2 Nf6 7. O-O a6 8. Bg5
Be7 9. b3 b5 10. bxc4 bxc4 11. Na4 Ne4 12. Bxe7 Kxe7 13. Qe1 Qd6 14. Bxc4 Be6
15. Bb3 Nd7 16. Rc1 Ndf6 17. c4 dxc4 18. Bxc4 Rhc8 19. Bxe6 Rxc1 20. Qxc1 Qxe6
21. Re1 Kf8 22. Nc5 Qd5 23. Qa3 Kg8 24. Nxe4 Nxe4 25. Qe7 Nf6 26. a3 h6 27. Qe5
Qa2 28. Qc5 Rb8 29. h3 Rb2 30. Qc8+ Kh7 31. Qf5+ Kh8 32. Qc8+ Ng8 33. Rf1 Qxa3
34. Ne5 Qa2 35. Qc7 Rb1 36. Nxf7+ Kh7 37. Qf4 Rxf1+ 38. Kxf1 Qb1+ 39. Ke2 a5 40.
Qd2 a4 41. Qd3+ Qxd3+ 42. Kxd3 a3 43. Kc2 Ne7 44. Kb3 Kg6 45. Ne5+ Kf6 46. g3
Nf5 47. Ng4+ Ke6 48. Kxa3 Nxd4 49. Kb4 h5 50. Ne3 g5 51. Kc4 Nf3 52. Kd3 Ng1 53.
h4 gxh4 54. gxh4 Nf3 55. Ng2 Kf5 56. Ke3 Ne5 57. f3 Ng6 58. Kf2 Ke5 59. Ke3 Kf5
60. Kf2 Ke5 61. Ke3 Kf5 {Game drawn by repetition} 1/2-1/2

[Event "Team 45 45 League T50"]
[Site "Internet Chess Club"]
[Date "2011.09.05"]
[Round "4"]
[White "jjmolina"]
[Black "Freitac"]
[Result "1-0"]
[WhiteElo "1779"]
[BlackElo "1869"]
[Opening "Caro-Kann: classical, Spassky variation"]
[ECO "B19"]
[Time "16:38:28"]
[TimeControl "2700+45"]

1. e4 c6 2. d4 d5 3. Nc3 dxe4 4. Nxe4 Bf5 5. Ng3 Bg6 6. h4 h6 7. Nf3 Nd7 8. h5
Bh7 9. Bd3 Bxd3 10. Qxd3 e6 11. Bf4 Qa5+ 12. Bd2 Bb4 13. c3 Be7 14. c4 Qc7 15.
O-O-O Ngf6 16. Kb1 O-O 17. Rhe1 a5 18. a3 b5 19. cxb5 cxb5 20. Nf5 Rfe8 21.
Nxe7+ Rxe7 22. g4 Nxg4 23. Qe4 Rc8 24. Rc1 Qxc1+ 25. Rxc1 Rxc1+ 26. Bxc1 Nxf2
27. Qa8+ Kh7 28. Qd8 {Black resigns} 1-0

[Event "Team 45 45 League T50"]
[Site "Internet Chess Club"]
[Date "2011.09.04"]
[Round "4"]
[White "Sir-Sinister"]
[Black "frank001"]
[Result "1-0"]
[WhiteElo "1821"]
[BlackElo "1666"]
[Opening "Sicilian defense"]
[ECO "B30"]
[Time "22:03:15"]
[TimeControl "2700+45"]

1. e4 c5 2. Nf3 Nc6 3. c3 Nf6 4. e5 Nd5 5. d4 cxd4 6. cxd4 d6 7. Be2 Bf5 8. O-O
e6 9. Nc3 Nxc3 10. bxc3 dxe5 11. Qb3 Qc7 12. Nxe5 Nxe5 13. dxe5 Bc5 14. Bb5+ Kf8
15. Re1 a6 16. Bf1 h6 17. Ba3 Bxa3 18. Qxa3+ Kg8 19. Rad1 Rd8 20. Rd6 Kh7 21.
Red1 Rxd6 22. exd6 Qc6 23. d7 Rd8 24. Qe7 Qc7 25. Qxf7 Qxc3 26. Qe7 Qc7 27. h3
e5 28. Bd3 Bxd3 29. Rxd3 Qc1+ 30. Kh2 Qg5 31. Qxg5 hxg5 32. Kg3 Kg6 33. Kg4 Kf6
34. f3 Ke6 35. Kxg5 Rxd7 36. Rxd7 Kxd7 37. Kg6 b5 38. Kxg7 a5 39. Kf6 Kd6 40. g4
b4 41. g5 a4 42. g6 b3 43. axb3 a3 44. g7 a2 45. g8=Q a1=Q 46. Qe6+ {Black
resigns} 1-0

[Event "Team 45 45 League T50"]
[Site "Internet Chess Club"]
[Date "2011.09.03"]
[Round "4"]
[White "sombragris35"]
[Black "gwolff"]
[Result "0-1"]
[WhiteElo "1730"]
[BlackElo "1838"]
[Opening "French: Tarrasch, closed variation"]
[ECO "C05"]
[Time "10:32:16"]
[TimeControl "2700+45"]

1. e4 e6 2. d4 d5 3. Nd2 Nf6 4. e5 Nfd7 5. f4 c5 6. c3 Nc6 7. Ndf3 cxd4 8. cxd4
Qb6 9. a3 Be7 10. h4 f6 11. Bd3 O-O 12. Ne2 Qd8 13. b3 a6 14. Bb2 b5 15. Qc2 Bb7
16. Bxh7+ Kh8 17. h5 Rc8 18. Qg6 Qe8 19. h6 Qxg6 20. Bxg6 gxh6 21. exf6 Nxf6 22.
Bd3 Kg7 23. O-O-O Nxd4+ 24. Kb1 Nxb3 25. Ned4 Nxd4 26. Nxd4 Kf7 27. Rxh6 Rg8 28.
Nf3 Nd7 29. Rd2 Bf6 30. Rh7+ Rg7 31. Ng5+ Kg8 32. Bxf6 Nxf6 33. Rxg7+ Kxg7 34.
Nxe6+ Kg8 35. g4 Ne4 36. Rc2 Rxc2 37. Kxc2 Bc8 38. Nc7 Nc5 39. Nxd5 Nxd3 40.
Kxd3 Kf7 41. g5 Ke6 42. Kd4 Bb7 43. Nc7+ Kf5 44. Ke3 Bc8 45. Ne8 Bd7 46. Nd6+
Kg6 47. Ke4 a5 48. Kd4 Kh5 49. Ke5 b4 50. axb4 axb4 51. Nc4 Kg6 52. Ne3 b3 53.
Nd1 Bf5 54. Nb2 Bc2 55. Kd4 Kf5 56. Ke3 Kg6 57. Nd3 Kf5 58. Kd2 Ke4 59. g6 Bxd3
60. f5 b2 61. g7 b1=Q 62. Kc3 Qc2+ 63. Kb4 Qc4+ 64. Ka3 {White resigns} 0-1

[Event "Team 45 45 League T50"]
[Site "Internet Chess Club"]
[Date "2011.09.04"]
[Round "4"]
[White "AntonioMendonca"]
[Black "adrianelpirata"]
[Result "0-1"]
[WhiteElo "1491"]
[BlackElo "1614"]
[Opening "Scotch gambit"]
[ECO "C44"]
[Time "18:25:45"]
[TimeControl "2700+45"]

1. e4 e5 2. Nf3 Nc6 3. d4 exd4 4. Bc4 Bb4+ 5. c3 dxc3 6. Nxc3 Bxc3+ 7. bxc3 Nge7
8. Ng5 Ne5 9. Bb3 h6 10. Nf3 N5g6 11. O-O O-O 12. Ba3 b6 13. Re1 Bb7 14. Nd4 c5
15. Nf5 d5 16. Nxe7+ Nxe7 17. exd5 Nxd5 18. c4 Nf4 19. g3 Nh3+ 20. Kf1 Qf6 21.
Qe2 Rae8 22. Qxe8 Qxf2# {White checkmated} 0-1

[Event "Team 45 45 League T50"]
[Site "Internet Chess Club"]
[Date "2011.09.04"]
[Round "4"]
[White "fishhead"]
[Black "fileman"]
[Result "1/2-1/2"]
[WhiteElo "1838"]
[BlackElo "1884"]
[Opening "KP: Nimzovich defense"]
[ECO "B00"]
[Time "15:02:52"]
[TimeControl "2700+45"]

1. e4 Nc6 2. d4 e5 3. d5 Nce7 4. Nf3 Ng6 5. g3 Bc5 6. Bg2 d6 7. h4 Bd7 8. a4 a5
9. Qe2 h6 10. Be3 Ba7 11. Nc3 N8e7 12. h5 Nf8 13. Nh4 Nh7 14. g4 Nf6 15. Nf5
Bxe3 16. Nxe3 c6 17. f3 O-O 18. O-O Qb6 19. Rfd1 Qxb2 20. Qd2 Qb6 21. Rab1 Qc5
22. Rxb7 cxd5 23. exd5 Nexd5 24. Nxd5 Nxd5 25. Qxd5 Qxe3+ 26. Kh2 Bxa4 27. Rxf7
Kh7 28. Rxf8 Rxf8 29. Qxa5 Bxc2 30. Rxd6 Qf4+ 31. Kh3 e4 32. Rd4 Qe3 33. Qe5
Rxf3+ {Game drawn by mutual agreement} 1/2-1/2

[Event "Team 45 45 League T50"]
[Site "Internet Chess Club"]
[Date "2011.09.09"]
[Round "4"]
[White "smitty120"]
[Black "hcube"]
[Result "1-0"]
[WhiteElo "1854"]
[BlackElo "1645"]
[Opening "English: symmetrical, main line with d3"]
[ECO "A38"]
[Time "20:00:31"]
[TimeControl "2700+45"]

1. Nf3 c5 2. c4 Nc6 3. Nc3 Nf6 4. g3 g6 5. Bg2 Bg7 6. O-O O-O 7. d3 e6 8. e4 d6
9. Bg5 h6 10. Be3 a6 11. e5 Ng4 12. exd6 Nxe3 13. fxe3 Qxd6 14. Ne4 Qe7 15. Qb3
Rb8 16. Qb6 Rd8 17. Nxc5 Bxb2 18. Rab1 Bg7 19. d4 Rd6 20. Ne4 Rd8 21. Kh1 f5 22.
Nc3 Ra8 23. Nh4 g5 24. Ng6 Qe8 25. Bxc6 bxc6 26. Kg1 Bd7 27. Ne5 Qe7 28. Nd3 a5
29. Nc5 Rdb8 30. Qxb8+ Rxb8 31. Rxb8+ Be8 32. Rfb1 Kh7 33. R1b7 Qxb7 34. Rxb7 e5
35. Ne6 exd4 36. Rxg7+ Kh8 37. exd4 Bh5 38. d5 cxd5 39. cxd5 f4 40. d6 Be8 41.
d7 Bxd7 42. Rxd7 fxg3 43. hxg3 a4 44. Nxa4 g4 45. Nac5 h5 46. a4 h4 47. a5 h3
48. a6 h2+ 49. Kxh2 Kg8 50. a7 Kh8 51. a8=Q# {Black checkmated} 1-0

[Event "Team 45 45 League T50"]
[Site "Internet Chess Club"]
[Date "2011.09.01"]
[Round "4"]
[White "JWB"]
[Black "Superman"]
[Result "1-0"]
[WhiteElo "1646"]
[BlackElo "1732"]
[Opening "QGD: Albin counter-gambit"]
[ECO "D08"]
[Time "15:00:19"]
[TimeControl "2700+45"]

1. d4 d5 2. c4 e5 3. e3 exd4 4. exd4 Nf6 5. Bd3 dxc4 6. Bxc4 Bb4+ 7. Nc3 O-O 8.
Ne2 c6 9. O-O Bg4 10. Qb3 Bxc3 11. Nxc3 b5 12. Be2 Qxd4 13. Be3 Qe5 14. h3 Bxe2
15. Nxe2 Nbd7 16. Rfe1 Rfe8 17. Rac1 Rac8 18. Nf4 Qc7 19. Rc2 Nb6 20. Ne2 Nfd5
21. Bxb6 Qxb6 22. Rec1 Nf6 23. Ng3 c5 24. Nf5 c4 25. Qg3 Nh5 26. Qg5 Qf6 27.
Qxf6 Nxf6 28. Nd6 Rcd8 29. Nxe8 Rxe8 30. b3 {Black resigns} 1-0

[Event "Team 45 45 League T50"]
[Site "Internet Chess Club"]
[Date "2011.09.04"]
[Round "4"]
[White "DarkFlow"]
[Black "CaoCao"]
[Result "1/2-1/2"]
[WhiteElo "1946"]
[BlackElo "1896"]
[Opening "Caro-Kann: two knights variation"]
[ECO "B11"]
[Time "09:09:19"]
[TimeControl "2700+45"]

1. e4 c6 2. Nc3 d5 3. Nf3 dxe4 4. Nxe4 Nf6 5. Nxf6+ gxf6 6. d4 e6 7. Bd3 Nd7 8.
Qe2 Be7 9. Bf4 c5 10. dxc5 Nxc5 11. Bb5+ Bd7 12. O-O-O Qa5 13. Bxd7+ Nxd7 14.
Kb1 Rg8 15. g3 Nc5 16. Bd6 Rd8 17. Bxe7 Kxe7 18. Qc4 Nd7 19. Qe4 Nc5 20. Qc4 Nd7
21. Qe4 Nc5 22. Qc4 {Game drawn by repetition} 1/2-1/2

[Event "Team 45 45 League T50"]
[Site "Internet Chess Club"]
[Date "2011.09.03"]
[Round "4"]
[White "hewdondada"]
[Black "BTop"]
[Result "0-1"]
[WhiteElo "1716"]
[BlackElo "1743"]
[Opening "King's Indian: Andersson variation"]
[ECO "E92"]
[Time "06:05:37"]
[TimeControl "2700+45"]

1. d4 Nf6 2. c4 g6 3. Nc3 Bg7 4. e4 d6 5. Nf3 O-O 6. Be2 e5 7. dxe5 dxe5 8. Qxd8
Rxd8 9. O-O Nc6 10. Bg5 Rf8 11. h3 Nd4 12. Nd2 h6 13. Be3 c6 14. Bxd4 exd4 15.
Ncb1 Nd7 16. Bg4 Nc5 17. Bxc8 Raxc8 18. Na3 Rfe8 19. f3 d3 20. Rab1 Na4 21. c5
Nxc5 22. Nac4 Rcd8 23. b3 Ne6 24. Kh1 Nf4 25. Kh2 b5 26. Ne3 Ne2 27. f4 Bc3 28.
Rbd1 Bxd2 29. Rxd2 Rxe4 30. Ng4 Kg7 31. f5 Nf4 32. f6+ Kh7 33. Nf2 Re2 34. Rfd1
Rxd2 35. Rxd2 Nh5 36. Rxd3 Rxd3 37. Nxd3 Kg8 38. Ne5 c5 39. Nd7 c4 40. bxc4 bxc4
41. Ne5 c3 42. Nd3 Nxf6 43. Kg3 c2 44. Kf2 Nd5 45. Ke1 Nf4 46. Nc1 Nxg2+ 47. Kd2
Nf4 48. Kxc2 Nxh3 49. a4 Kf8 50. Kd3 Ke7 51. Nb3 Kd6 52. Kc4 Kc6 53. a5 Ng5 54.
Nd4+ Kb7 55. Kb5 Ne6 56. a6+ Kc7 57. Nc6 h5 58. Nxa7 h4 59. Nc6 h3 60. Na5 h2
{White resigns} 0-1

[Event "Team 45 45 League T50"]
[Site "Internet Chess Club"]
[Date "2011.09.03"]
[Round "4"]
[White "pishd"]
[Black "RamRock"]
[Result "1/2-1/2"]
[WhiteElo "1764"]
[BlackElo "1746"]
[Opening "Dutch"]
[ECO "A80"]
[Time "10:21:50"]
[TimeControl "2700+45"]

1. d4 f5 2. Nf3 Nf6 3. Bf4 d6 4. e3 g6 5. Bc4 e6 6. c3 Nc6 7. Nbd2 Qe7 8. h3 Bg7
9. Qc2 e5 10. Bh2 e4 11. Ng1 Be6 12. Bb5 a6 13. Ba4 b5 14. Bb3 Na5 15. Bxe6 Qxe6
16. b3 O-O 17. Ne2 Nd5 18. a3 Nb6 19. O-O Ra7 20. Rae1 g5 21. Kh1 c6 22. f3 d5
23. Ng3 Raf7 24. Nh5 Nd7 25. Nxg7 Rxg7 26. fxe4 fxe4 27. Rxf8+ Nxf8 28. Rf1 Ng6
29. Qd1 Rf7 30. Kg1 Rxf1+ 31. Qxf1 Qf7 32. Qxf7+ Kxf7 33. Bc7 Nb7 34. c4 Ke6 35.
Kf2 Kd7 36. Bb6 Nd6 37. cxd5 cxd5 38. Bc5 h5 39. Nb1 Nb7 40. Nc3 Kc6 41. b4 Nd6
42. Bxd6 Kxd6 43. Ne2 Kc6 44. Ng3 h4 45. Nf5 Kb6 46. Nd6 a5 47. Nf7 axb4 48.
axb4 Ne7 49. Nxg5 Nc6 50. Ne6 Nxb4 51. g4 Nc6 52. Nf4 Ne7 53. Ke2 b4 54. g5 Kb5
55. Kd2 Kc4 56. Kc2 Nf5 57. Ng2 b3+ 58. Kb2 Kd3 59. g6 Ke2 60. Nxh4 Ng7 61. Ng2
Kf2 62. Nf4 Kxe3 63. Nxd5+ Kxd4 {Game drawn by mutual agreement} 1/2-1/2

[Event "Team 45 45 League T50"]
[Site "Internet Chess Club"]
[Date "2011.09.01"]
[Round "4"]
[White "Portola"]
[Black "losscause"]
[Result "1/2-1/2"]
[WhiteElo "1748"]
[BlackElo "1616"]
[Opening "Queen's bishop game"]
[ECO "D02"]
[Time "19:31:15"]
[TimeControl "2700+45"]

1. d4 d5 2. Nf3 Nf6 3. Bf4 e6 4. h3 c5 5. c3 Nc6 6. e3 a6 7. a4 Bd6 8. Bxd6 Qxd6
9. Bd3 cxd4 10. exd4 O-O 11. O-O e5 12. dxe5 Nxe5 13. Nxe5 Qxe5 14. Nd2 Be6 15.
Nf3 Qc7 16. Qc2 h6 17. Rfe1 Qf4 18. Nd4 Bd7 19. Re3 Rfe8 20. Rae1 Rxe3 21. Rxe3
Re8 22. Rxe8+ Nxe8 23. Nf5 Bxf5 24. Bxf5 Qc7 25. Qe2 Kf8 26. Bc2 a5 27. Bb3 Nf6
28. Bc2 Qe7 29. Qxe7+ Kxe7 30. f3 Kd6 {Game drawn by mutual agreement} 1/2-1/2

[Event "Team 45 45 League T50"]
[Site "Internet Chess Club"]
[Date "2011.09.05"]
[Round "4"]
[White "Pacini"]
[Black "Gregorio"]
[Result "0-1"]
[WhiteElo "2011"]
[BlackElo "1944"]
[Opening "Scotch gambit: Dubois-Réti defense"]
[ECO "C55"]
[Time "20:02:45"]
[TimeControl "2700+45"]

1. e4 e5 2. Nf3 Nc6 3. d4 exd4 4. Bc4 Nf6 5. e5 d5 6. Bb5 Ne4 7. Nxd4 Bc5 8. Be3
Bd7 9. Bxc6 bxc6 10. Nc3 Nxc3 11. bxc3 Qe7 12. O-O O-O 13. Re1 Qxe5 14. Nxc6 Qd6
15. Bxc5 Qxc5 16. Ne7+ Kh8 17. Qxd5 Qxd5 18. Nxd5 c6 19. Re5 cxd5 20. Rxd5 Be6
21. Ra5 g6 22. Rb1 Rab8 23. Rxb8 Rxb8 24. h3 Rb7 25. f3 Kg7 26. Kf2 Rb2 27. a3
Rxc2+ 28. Kg1 Rxc3 29. Rxa7 Rc1+ 30. Kh2 h5 31. Kg3 Rc2 32. h4 Bc4 33. Rc7 Bd3
34. Rxc2 Bxc2 35. Kf4 Kf6 36. g3 Ba4 37. g4 Bd1 38. gxh5 gxh5 39. Ke4 Ba4 40.
Kf4 Bc6 41. Ke3 Ke5 {White forfeits on time} 0-1

[Event "Team 45 45 League T50"]
[Site "Internet Chess Club"]
[Date "2011.09.05"]
[Round "4"]
[White "MeanMrMustard"]
[Black "kabindra"]
[Result "0-1"]
[WhiteElo "1783"]
[BlackElo "1722"]
[Opening "Giuoco Piano"]
[ECO "C54"]
[Time "11:19:34"]
[TimeControl "2700+45"]

1. e4 e5 2. Nf3 Nc6 3. Bc4 Bc5 4. c3 Nf6 5. d3 h6 6. O-O d6 7. h3 a6 8. b4 Bb6
9. a4 O-O 10. Qe2 Nh5 11. Nxe5 Ng3 12. Qf3 Nxf1 13. Nxf7 Qe7 14. Kxf1 Be6 15.
Nxh6+ gxh6 16. Qg4+ Kh7 17. Bxe6 Rxf2+ 18. Ke1 Raf8 19. Nd2 Ne5 {White resigns}
0-1

[Event "Team 45 45 League T50"]
[Site "Internet Chess Club"]
[Date "2011.09.05"]
[Round "4"]
[White "Frankly"]
[Black "PJ"]
[Result "1/2-1/2"]
[WhiteElo "1784"]
[BlackElo "1811"]
[Opening "Ruy Lopez: closed, Chigorin, 12...c5d4"]
[ECO "C99"]
[Time "14:00:34"]
[TimeControl "2700+45"]

1. e4 e5 2. Nf3 Nc6 3. Bb5 a6 4. Ba4 Nf6 5. O-O Be7 6. Re1 b5 7. Bb3 d6 8. c3
O-O 9. h3 Na5 10. Bc2 c5 11. d4 Qc7 12. Nbd2 cxd4 13. cxd4 Rd8 14. Nb3 Nc4 15.
Qe2 Bb7 16. d5 Nd7 17. Bg5 Bxg5 18. Nxg5 h6 19. Nf3 Nxb2 20. Rac1 Nc4 21. Bd3
Ndb6 22. Na5 Rac8 23. Nd2 Nd7 24. Ndxc4 bxc4 25. Nxc4 Nc5 26. Ne3 Qa5 27. Nc4
Qc7 28. Rc2 a5 29. Rec1 Ba6 30. Nb2 Bxd3 31. Nxd3 Qb6 32. Qe3 Rd7 33. Nxc5 dxc5
34. Rxc5 Rxc5 35. Qxc5 Qxc5 36. Rxc5 Ra7 37. d6 Rd7 38. Rxe5 Rxd6 39. Rxa5 f6
40. f3 Kf7 41. Kf2 Rb6 42. a4 Rb2+ 43. Kg3 Ra2 44. Ra7+ Kg6 45. a5 h5 46. a6 Ra5
47. Kf4 Kh6 48. Ra8 Kg6 49. a7 Ra2 50. g3 Ra5 51. g4 h4 52. Ke3 Ra3+ 53. Kd4 Kg5
54. e5 Ra4+ 55. Kd5 Ra5+ 56. Ke6 fxe5 57. Kf7 g6 58. Ke6 Ra6+ 59. Kxe5 Ra5+ 60.
Kd6 Ra6+ 61. Kc5 Ra5+ 62. Kb4 Ra6 63. f4+ Kxf4 64. Rf8+ Kg3 65. a8=Q Rxa8 66.
Rxa8 Kxh3 67. Rg8 Kxg4 68. Rxg6+ Kf3 69. Rh6 Kg3 70. Kc3 h3 71. Kd2 Kg2 72. Ke2
h2 73. Rg6+ Kh1 74. Rf6 Kg2 75. Rf2+ Kg1 {Game drawn by mutual agreement}
1/2-1/2

[Event "Team 45 45 League T50"]
[Site "Internet Chess Club"]
[Date "2011.09.04"]
[Round "4"]
[White "Stryker672"]
[Black "daniguti"]
[Result "1/2-1/2"]
[WhiteElo "1952"]
[BlackElo "1826"]
[Opening "Alekhine's defense: four pawns attack"]
[ECO "B02"]
[Time "20:00:24"]
[TimeControl "2700+45"]

1. e4 Nf6 2. e5 Nd5 3. c4 Nb6 4. d4 d6 5. f4 dxe5 6. fxe5 Bf5 7. Nc3 e6 8. Nf3
Nc6 9. Be3 Be7 10. d5 Nb4 11. Nd4 Bg6 12. a3 Na6 13. Qf3 O-O 14. Be2 Nd7 15. Bf4
Bg5 16. O-O exd5 17. cxd5 Nac5 18. Rad1 a5 19. b4 axb4 20. axb4 Na4 21. Nxa4
Rxa4 22. Bb5 Bxf4 23. Bxa4 Bxe5 24. Nf5 Nb6 25. Bb3 Qg5 26. Rde1 Re8 27. g3 Bxf5
28. Qxf5 Qxf5 29. Rxf5 Bd4+ 30. Kf1 Rxe1+ 31. Kxe1 Bc3+ 32. Ke2 Nc8 33. Rf4 Nd6
34. Kd3 Bf6 35. Bd1 Kf8 36. Rf1 Ke7 37. Re1+ Kd7 38. Bg4+ Kd8 {Game drawn by
mutual agreement} 1/2-1/2

[Event "Team 45 45 League T50"]
[Site "Internet Chess Club"]
[Date "2011.09.03"]
[Round "4"]
[White "rahulr"]
[Black "Schack"]
[Result "1-0"]
[WhiteElo "1641"]
[BlackElo "1676"]
[Opening "QGD: Tarrasch defense"]
[ECO "D32"]
[Time "18:00:16"]
[TimeControl "2700+45"]

1. d4 d5 2. c4 e6 3. Nc3 c5 4. e3 Nc6 5. Nf3 Nf6 6. Be2 a6 7. O-O dxc4 8. dxc5
Bxc5 9. Qxd8+ Kxd8 10. Bxc4 b5 11. Bb3 Bb7 12. e4 Na5 13. Bc2 b4 14. Na4 Be7 15.
Nb6 Rb8 16. Bf4 Ra8 17. Rfd1+ Ke8 18. Ba4+ Kf8 19. Nxa8 Bxa8 20. Rac1 Bb7 21.
Bc7 {Black resigns} 1-0

[Event "Team 45 45 League T50"]
[Site "Internet Chess Club"]
[Date "2011.09.07"]
[Round "4"]
[White "clarinetref"]
[Black "Hal2001"]
[Result "1-0"]
[WhiteElo "1648"]
[BlackElo "1659"]
[Opening "Nimzovich-Larsen attack: Indian variation"]
[ECO "A01"]
[Time "09:03:09"]
[TimeControl "2700+45"]

1. b3 Nf6 2. Bb2 g6 3. Nf3 Bg7 4. c4 c5 5. d4 cxd4 6. Nxd4 Nc6 7. e3 O-O 8. Be2
d6 9. O-O Ne5 10. h3 Qc7 11. Nc3 Bd7 12. Rc1 Qc8 13. Nd5 Re8 14. Kh2 Nc6 15.
Nxc6 bxc6 16. Nxf6+ exf6 17. Qxd6 Re6 18. Qd2 Qc7+ 19. g3 Rd6 20. Qc2 Re8 21.
Rcd1 Bf5 22. Bd3 Bxd3 23. Rxd3 Red8 24. Rxd6 Qxd6 25. Bc3 Qd3 26. Qxd3 Rxd3 27.
Bd4 Rd2 28. a4 a6 29. Kg2 f5 30. Bxg7 Kxg7 31. Rb1 Kf6 32. b4 Rc2 33. b5 Rxc4
34. bxa6 Rxa4 35. Rb6 Ke5 36. Rxc6 f6 37. Kf3 g5 38. Rc5+ Ke6 39. Rc7 Rxa6 40.
Rxh7 Ra4 41. Rb7 g4+ 42. Kg2 gxh3+ 43. Kxh3 Ke5 44. Rb5+ Ke6 45. Kg2 Ra2 46. Kf3
Ra4 47. Rb6+ Ke5 48. Rb5+ Ke6 49. Rb3 Ke5 50. Rd3 Ra2 51. Rd4 Ra3 52. Rb4 Ra5
53. g4 fxg4+ 54. Rxg4 Ra3 55. Re4+ Kf5 56. Rc4 Ra5 57. e4+ Kg5 58. Kg3 Ra3+ 59.
f3 Re3 60. Rc5+ Kg6 61. Kf4 Re1 62. Rc2 Ra1 63. Rg2+ Kf7 64. Rd2 Ra5 65. Rd5 Ra6
66. Kf5 Re6 67. Rd7+ Re7 68. Rxe7+ Kxe7 69. Kg6 Ke6 70. f4 Ke7 71. f5 {Black
resigns} 1-0